 Dungeon Crawl Stone Soup version 0.30-a0-358-g0d69a1922f (webtiles) character file.

Game seed: 16403033752131575366

32134 Maxmaps the Protected (level 14, -1/83 (93) HPs)
             Began as a Formicid Fighter on Nov 9, 2022.
             Was an Elder of the Shining One.
             Succumbed to a spriggan rider's poison
             ... on level 3 of the Lair of Beasts.
             The game lasted 00:25:48 (18719 turns).

Maxmaps the Protected (Formicid Fighter)           Turns: 18719, Time: 00:25:48

HP:   -1/83 (93)    AC: 29    Str: 29    XL:     14   Next: 1%
MP:   23/23         EV: 14    Int:  7    God:    the Shining One [****..]
Gold: 1759          SH:  0    Dex: 17    Spells: 13/13 levels left

rFire   + . .      SeeInvis +    G - +7 Screaming Sword {vorpal, sonic wave}
rCold   + . .      Faith    .    c - +0 buckler
rNeg    + + .      Spirit   .    g - +1 gold dragon scales of Limited Liability {rElec rPois rF+ rC+ Str+6}
rPois   +          Reflect  .    (helmet unavailable)
rElec   +          Harm     .    E - +1 cloak
rCorr   .          Rampage  .    B - +1 pair of gloves
Will    +....                    (no boots)
Stlth   ..........               (no amulet)
HPRegen 0.33/turn                h - +4 ring of evasion
MPRegen 0.18/turn                i - +4 ring of protection

@: confused, mighty, lethally poisoned (-1 -> -26), ambrosia-drunk, glowing,
heavily drained
A: permanent stasis, dig shafts and tunnels, antennae 3, four strong arms
a: Dig, Shaft Self, Renounce Religion, Divine Shield, Cleansing Flame


You were on level 3 of the Lair of Beasts.
You worshipped the Shining One.
The Shining One was greatly pleased with you.
You visited 3 branches of the dungeon, and saw 17 of its levels.
You also visited: Bailey.

You collected 1759 gold pieces.

Inventory:

Hand Weapons
 G - the +7 Screaming Sword (weapon) {vorpal, sonic wave}
   (You found it on level 7 of the Dungeon)

   It inflicts extra damage upon your enemies.
   It radiates damaging sonic waves as it strikes, especially in combat
   involving dangerous or numerous foes.
 S - a +2 dagger of electrocution
Missiles
 C - 4 throwing nets
Armour
 c - a +0 buckler (worn)
 d - the +3 Mad Mage's Maulers {Infuse+∞ RegenMP Int-3}
   (You found it in a bailey)

   It empowers its wearer's blows with all of their magic.
   It causes its wearer's magical reserves to regenerate more quickly.
   Int:       It affects your intelligence (-3).
 g - the +1 gold dragon scales of Limited Liability (worn) {rElec rPois rF+ rC+ Str+6}
   (You acquired it on level 4 of the Dungeon)

   Str:       It affects your strength (+6).
   rF:        It protects you from fire.
   rC:        It protects you from cold.
   rElec:     It insulates you from electricity.
   rPois:     It protects you from poison.
 B - a +1 pair of gloves (worn)
 E - a +1 cloak (worn)
Magical Staves
 p - a staff of fire
Jewellery
 h - a +4 ring of evasion (left hand)
 i - a +4 ring of protection (right hand)
 n - a ring of ice
 q - a +6 ring of dexterity
 y - a ring of fire
 H - a +4 ring of protection
 I - a ring of resist corrosion
 J - a ring of positive energy
 O - a ring of flight
Wands
 e - a wand of roots (8)
 z - a wand of digging (5)
 A - a wand of charming (17)
 D - a wand of flame (46)
 M - a wand of mindburst (9)
 R - a wand of polymorph (7)
Scrolls
 b - 8 scrolls of teleportation
 j - 6 scrolls of magic mapping
 l - 2 scrolls of butterflies
 o - 4 scrolls of immolation
 r - 2 scrolls of poison
 t - 4 scrolls of fear
 w - 2 scrolls of amnesia
 x - 2 scrolls of identify
 L - a scroll of brand weapon
 N - 4 scrolls of vulnerability
Potions
 f - 5 potions of invisibility
 k - 4 potions of attraction
 m - a potion of ambrosia
 u - 2 potions of brilliance
 v - 5 potions of haste
 F - 4 potions of degeneration
 K - a potion of magic {unknown}
 Q - a potion of might
Miscellaneous
 a - a box of beasts
 s - a lightning rod (4/4)


   Skills:
 - Level 3.2 Fighting
 - Level 12.6 Long Blades
 - Level 14.1 Armour
 - Level 9.1 Dodging
 - Level 4.0 Shields
 - Level 12.2 Invocations
 + Level 4.2 Evocations


You had 13 spell levels left.
You didn't know any spells.
Your spell library contained the following spells:

 Spells                   Type           Power      Damage    Failure   Level
 Kiss of Death            Conj/Necr      0%         2d5       100%        1
 Cigotuvi's Dreadful Rot  Necr/Pois/Air  0%         N/A       100%        2
 Poisonous Vapours        Pois/Air       0%         N/A       100%        2
 Call Canine Familiar     Summ           0%         N/A       100%        3
 Confusing Touch          Hex            0%         N/A       100%        3
 Dazzling Flash           Conj/Hex       0%         N/A       100%        3
 Hailstorm                Conj/Ice       0%         3d3       100%        3
 Mephitic Cloud           Conj/Pois/Air  0%         N/A       100%        3
 Portal Projectile        Hex/Tloc       0%         N/A       100%        3
 Airstrike                Air            0%         2d(0-16)  100%        4
 Dispel Undead            Necr           0%         3d6       100%        4
 Ice Form                 Ice/Tmut       0%         N/A       100%        4
 Leda's Liquefaction      Hex/Erth       0%         N/A       100%        4
 Summon Lightning Spire   Summ/Air       0%         N/A       100%        4
 Agony                    Necr           0%         N/A       100%        5
 Blade Hands              Tmut           0%         N/A       100%        5
 Fireball                 Conj/Fire      0%         3d3       100%        5
 Irradiate                Conj/Tmut      0%         3d11      100%        5
 Iskenderun's Battlesphe  Conj           0%         2d6       100%        5
 Lightning Bolt           Conj/Air       0%         1d11      100%        5
 Silence                  Hex/Air        0%         N/A       100%        5
 Conjure Ball Lightning   Conj/Air       0%         3x3d6     100%        6
 Iron Shot                Conj/Erth      0%         9d1       100%        6
 Simulacrum               Ice/Necr       0%         N/A       100%        6
 Dragon Form              Tmut           0%         N/A       100%        7
 Orb of Destruction       Conj           0%         9d5       100%        7
 Spellforged Servitor     Conj/Summ      0%         N/A       100%        7


Dungeon Overview and Level Annotations

Branches:
Dungeon (13/15)            Temple (1/1) D:5            Lair (3/5) D:8
  Swamp (0/4) Lair:3       Spider (0/4) Lair:3          Orc (0/2) D:9
 Bailey (visited)
 Vaults: D:13-14

Altars:
Ashenzari
Cheibriados
Dithmenos
Elyvilon
Fedhas
Gozag
Hepliaklqana
Kikubaaqudgha
Makhleb
Nemelex Xobeh
Okawaru
Qazlal
Ru
Sif Muna
Trog
Uskayaw
Vehumet
Wu Jian
Xom
Yredelemnul
Zin
The Shining One

Shops:
D:13 ?

Annotations:
D:9 3 runed translucent doors, porpoise's ghost, novice DsMo
Lair:3 flotson's ghost, journeyman DsDe


Innate Abilities, Weirdness & Mutations

You cannot be hasted, slowed, berserked, paralysed or teleported.
You can dig through walls and to a lower floor.
You have a pair of large antennae on your head. (SInv)
Your four strong arms can wield two-handed weapons with a shield.


Message History

You are poisoned.
You hit the spriggan rider.
The spriggan rider is heavily wounded.
You feel very sick.
The spriggan rider hits you but does no damage.
You are more poisoned.
You completely miss the spriggan rider.
The spriggan rider is heavily wounded.
You feel very sick.
The spriggan rider hits you with the +6 trident "Qiahudaw" {venom, Fly rPois Str-4}.
You barely miss the spriggan rider.
The spriggan rider is heavily wounded.
You feel very sick.
The spriggan rider hits you with the +6 trident "Qiahudaw" {venom, Fly rPois Str-4}!
* * * LOW HITPOINT WARNING * * *
You miss the spriggan rider.
The spriggan rider is heavily wounded.
You feel sick.
The spriggan rider hits you but does no damage.
You are lethally poisoned!
You feel very mighty all of a sudden.
* * * LOW HITPOINT WARNING * * *
You feel very sick.
The spriggan rider hits you with the +6 trident "Qiahudaw" {venom, Fly rPois Str-4}.
* * * LOW HITPOINT WARNING * * *
You are more poisoned.
You slash the spriggan rider!
You kill the hornet!
The spriggan falls from its now dead mount.
The Singing Sword hums a little melody.
You send a blast of sound all around you.
You kill the spriggan!
* * * LOW HITPOINT WARNING * * *
You feel extremely sick.
Your Evocations skill increases to level 4!
You have reached level 14!
Okay, then.
You are confused.
You feel invigorated.
You die...

.....##...........>..............
..............................)..
.................................
............................>....
♣.....#..........................
....###..##.#..###...............
..PP# ################....####.#.
..### ♣♣ ##W## ###....# #.## ..#
♣♣♣♣♣{##{#@###....### ### ..##
♣♣[♣..##.####......#
...##♣}....#⌠.###.#...#P#
..[.#♣.♣...#W..###...####
....#♣..!♣.'........##
....#♣...♣.#..#....##
....#♣♣....#⌠.#....# ...##
♣...♣##.....## ...# ♣♣♣♣..#.....#


You could see flotson's ghost.

Vanquished Creatures
  Harold (D:10)
  A hydra (D:12)
  A catoblepas (Lair:3)
  A death yak (Lair:3)
  A tengu warrior (D:8)
  A two-headed ogre (D:12)
  An orb spider (Lair:3)
  A deep elf pyromancer (D:12)
  A cyclops (D:11)
  A manticore (D:11)
  3 ugly things (D:12)
  Joseph (D:9)
  2 black mambas (Lair:2)
  10 cane toads
  A gargoyle (D:11)
  Maggie (Lair:1)
  2 torpor snails (Lair:3)
  An unseen horror (D:12)
  An unseen horror (shapeshifter) (D:12)
  7 komodo dragons
  3 polar bears
  4 trolls
  4 hornets
  Prince Ribbit (D:7)
  The ghost of sirJeffrey23 the Cudgeller, an amateur FoFi (D:4)
  4 blink frogs (Lair:1)
  4 dream sheep (Lair:3)
  4 shadows
  18 yaks
  2 vampires
  2 wyverns
  A wraith (D:9)
  2 spriggans (Lair:3)
  3 steam dragons
  3 basilisks (Lair:2)
  Grum (Bailey)
  5 vampire mosquitoes
  2 acid dragons
  8 water moccasins
  An ice beast (D:7)
  3 orc warriors
  A sky beast (D:6)
  2 black bears (D:5)
  15 wolves
  3 centaurs
  9 ogres
  A phantom (D:3)
  8 kobold brigands
  13 bullfrogs
  2 necrophages
  6 gnoll sergeants (Bailey)
  2 scorpions (D:5)
  3 wights (D:8)
  13 killer bees
  4 howler monkeys
  7 electric eels
  4 jellies
  3 quasits (D:4)
  5 hounds
  8 orc priests
  5 gnoll boudas (Bailey)
  An iguana (D:5)
  Natasha (twice) (D:2)
  7 orc wizards
  A hell rat (Lair:1)
  12 adders
  11 gnolls
  4 shadow imps
  2 ufetubi (D:6)
  4 worms
  A dart slug (D:1)
  48 orcs
  6 ball pythons
  12 endoplasms
  3 giant cockroaches
  15 hobgoblins
  11 jackals
  30 kobolds
  A quokka (D:4)
  5 bats
  5 frilled lizards
  9 goblins
  6 rats
425 creatures vanquished.

Vanquished Creatures (others)
  Lodul (D:12)
  14 fungi
  63 plants
78 creatures vanquished.

Grand Total: 503 creatures vanquished

Notes
Turn   | Place    | Note
-------+----------+-------------------------------------------
     0 | D:1      | Maxmaps the Formicid Fighter began the quest for the Orb.
     0 | D:1      | Reached XP level 1. HP: 18/18 MP: 1/1
   117 | D:1      | Reached XP level 2. HP: 24/24 MP: 2/2
   269 | D:1      | Reached XP level 3. HP: 26/29 MP: 3/3
   800 | D:2      | Reached XP level 4. HP: 35/35 MP: 4/4
  1036 | D:2      | Found a faded altar of an unknown god.
  1182 | D:2      | Noticed Natasha
  1191 | D:2      | Killed Natasha
  1199 | D:2      | Noticed Natasha
  1204 | D:2      | Killed Natasha
  1205 | D:2      | Reached skill level 5 in Long Blades
  1205 | D:2      | Reached XP level 5. HP: 25/41 MP: 5/5
  1771 | D:3      | Reached skill level 4 in Armour
  1775 | D:3      | Found a broken altar of Ashenzari.
  1849 | D:3      | Reached XP level 6. HP: 47/47 MP: 6/6
  1868 | D:3      | Found a blossoming altar of Fedhas.
  2578 | D:4      | Found a hide-covered altar of Uskayaw.
  2618 | D:4      | Noticed an ogre
  2626 | D:4      | Killed an ogre
  2627 | D:4      | Reached XP level 7. HP: 40/52 MP: 7/7
  2773 | D:4      | Found a transporter.
  2784 | D:4      | Found a transporter.
  2787 | D:4      | Noticed sirJeffrey23's ghost (amateur FoFi)
  3679 | D:4      | Reached XP level 8. HP: 43/58 MP: 8/8
  3832 | D:4      | Identified a scroll of acquirement
  3832 | D:4      | Acquired the +1 gold dragon scales of Limited Liability
                  | {rElec rPois rF+ rC+ Str+6}
  3880 | D:4      | Killed sirJeffrey23's ghost
  4076 | D:5      | Entered Level 5 of the Dungeon
  4078 | D:5      | Found an opulent altar of Gozag.
  4316 | D:5      | Found a bloodstained altar of Trog.
  4362 | D:5      | Reached skill level 10 in Long Blades
  4422 | D:5      | Reached XP level 9. HP: 31/64 MP: 9/9
  4565 | D:5      | Found a shimmering altar of Xom.
  4692 | D:5      | Found a staircase to the Ecumenical Temple.
  5107 | Temple   | Entered the Ecumenical Temple
  5332 | Temple   | Became a worshipper of the Shining One
  5904 | D:6      | Found a glowing silver altar of Zin.
  6551 | D:7      | Found a flagged portal.
  6569 | Bailey   | Entered a bailey
  7106 | Bailey   | Reached * piety under the Shining One
  7107 | Bailey   | Identified the +5 scale mail of Lies {Contam +Blink Regen+
                  | Dex-2}
  7130 | Bailey   | Reached skill level 5 in Armour
  7130 | Bailey   | Reached XP level 10. HP: 46/70 MP: 10/10
  7318 | Bailey   | Reached skill level 6 in Armour
  7516 | Bailey   | Reached skill level 7 in Armour
  7524 | Bailey   | Noticed Grum
  7559 | Bailey   | Killed Grum
  7735 | Bailey   | Found the +3 Mad Mage's Maulers {Infuse+∞ RegenMP Int-3}
  7878 | D:7      | Reached skill level 8 in Armour
  7913 | D:7      | Noticed Prince Ribbit
  7919 | D:7      | Killed Prince Ribbit
  8363 | D:7      | Found the +7 Singing Sword {vorpal, sonic wave}
  8648 | D:8      | Reached skill level 9 in Armour
  8781 | D:8      | Found a staircase to the Lair.
  9434 | D:8      | Reached skill level 10 in Armour
  9562 | D:8      | Noticed a komodo dragon
  9562 | D:8      | Noticed a tengu warrior
  9624 | D:8      | Killed a komodo dragon
  9625 | D:8      | Reached XP level 11. HP: 18/71 MP: 2/11
  9638 | D:8      | HP: 1/108 [troll (9)]
  9648 | D:8      | Reached skill level 11 in Armour
  9921 | D:8      | Killed a tengu warrior
 10158 | D:8      | Reached skill level 12 in Armour
 10192 | D:9      | Found a snail-covered altar of Cheibriados.
 10268 | D:9      | Reached ** piety under the Shining One
 10594 | D:9      | Noticed Joseph
 10615 | D:9      | Killed Joseph
 11097 | D:9      | Found a staircase to the Orcish Mines.
 11210 | D:9      | Reached skill level 13 in Armour
 11300 | D:9      | Found a runed translucent gate.
 11300 | D:9      | Found a runed translucent gate.
 11303 | D:9      | Found a runed translucent gate.
 11303 | D:9      | Noticed a nine-headed hydra
 11303 | D:9      | Noticed porpoise's ghost (novice DsMo)
 11305 | D:9      | Noticed a ten-headed hydra
 11563 | D:10     | Entered Level 10 of the Dungeon
 11563 | D:10     | Noticed Harold
 11607 | D:10     | Killed Harold
 11608 | D:10     | Reached skill level 14 in Armour
 11854 | D:10     | Reached skill level 1 in Dodging
 11973 | D:10     | Reached *** piety under the Shining One
 12220 | D:11     | Reached XP level 12. HP: 73/74 MP: 0/12
 12521 | D:11     | Reached skill level 5 in Dodging
 13357 | D:12     | Noticed Lodul
 13377 | D:12     | Killed Lodul
 13812 | D:12     | Noticed a seven-headed hydra
 14069 | D:12     | Noticed a two-headed ogre
 14078 | D:12     | Killed a two-headed ogre
 14307 | D:12     | Killed a seven-headed hydra
 14503 | D:13     | Noticed a boulder beetle
 14503 | D:13     | Found Ushre Tan's Magic Scroll Shoppe.
 14584 | Lair:1   | Entered Level 1 of the Lair of Beasts
 14584 | Lair:1   | Reached **** piety under the Shining One
 14612 | Lair:1   | Reached XP level 13. HP: 47/86 MP: 15/15
 14846 | Lair:1   | Reached skill level 5 in Invocations
 15331 | Lair:1   | Noticed Maggie
 15340 | Lair:1   | Killed Maggie
 16548 | Lair:2   | Reached skill level 10 in Invocations
 17799 | Lair:3   | Found a hole to the Spider Nest.
 18050 | Lair:3   | Noticed a catoblepas
 18060 | Lair:3   | Killed a catoblepas
 18061 | Lair:3   | Reached skill level 1 in Evocations
 18269 | Lair:3   | Found a runed translucent door.
 18272 | Lair:3   | Identified the +6 trident "Qiahudaw" {venom, Fly rPois
                  | Str-4}
 18272 | Lair:3   | Noticed flotson's ghost (journeyman DsDe)
 18393 | Lair:3   | Found a staircase to the Swamp.
 18718 | Lair:3   | HP: 1/74 [poisoned by a spriggan rider]
 18719 | Lair:3   | Reached XP level 14. HP: 1/83 MP: 23/23
 18719 | Lair:3   | Succumbed to a spriggan rider's poison

Illustrated notes

Levels and vault maps discovered:
D:1:      spicycebolla_arrival_xxxplode, layout_rooms, minmay_pentomino_o4
D:2:      minmay_wonky_spiral, layout_basic,
          hellmonk_ecumenical_altar_crossroads, st_stairs_8, chequers_jeans,
          uniq_natasha
D:3:      layout_basic, fedhas_altar_4, ashenzari_conservatory_becter,
          minmay_starry_boxes
D:4:      layout_loops_corners, lemuel_round_altar, gammafunk_ghost_stat_death,
          hangedman_abyss_or_decor_passed, minmay_divided_ellipse
D:5:      layout_rooms, mainiacjoe_overflow_cross_hatched,
          mainiacjoe_overflow_24_doors, mainiacjoe_overflow_surrounded_room,
          minmay_temple_entry_stoned_glass, fountainhead,
          chequers_serial_rivers_small_3, kennysheep_another_room
D:6:      layout_cave_pods, zin_academy, serial_bayou_pond_a
D:7:      layout_loops_ring, enter_bailey_3, kennysheep_flooded_box,
          uniq_prince_ribbit1
D:8:      minmay_chambers_of_sevens, layout_basic, lair_entry_dummy
D:9:      layout_long_grid, cheibriados_altar_1, hiddenorc1_lemuel,
          gammafunk_ghost_hydra_chop, uniq_joseph
D:10:     layout_cross, uniq_harold
D:11:     layout_rooms, nicolae_elevator_lobby_plus
D:12:     minmay_distorted_concentric_squares, layout_basic, uniq_lodul
D:13:     layout_cave_pools, serial_shops, nicolae_stop_n_shop_1, uniq_sonja,
          uniq_maurice
Temple:   nicolae_temple_bog_church
Lair:1:   layout_chaotic_city, wad_woods_road_02, uniq_maggie
Lair:2:   layout_chaotic_city, serial_bayou_pond_e, serial_bayou_lake_a
Lair:3:   layout_hall_layers, swamp_mist_pool,
          nicolae_spider_entry_orb_guardian, ebering_ghost_funeral_grove,
          patterned_corridor, infiniplex_staircase_pool_2

Skill      XL: |  1  2  3  4  5  6  7  8  9 10 11 12 13 |
---------------+----------------------------------------+-----
Long Blades    | 3 4 5 6 8 10 12 | 12.6
Armour         | 4 5 10 14 | 14.1
Dodging        | 3 9 |  9.1
Invocations    | 3 12 | 12.2
Evocations     | 4 |  4.2
Fighting       | |  3.2
Shields        | |  4.0

Action                   |  1- 3 |  4- 6 |  7- 9 | 10-12 | 13-15 || total
-------------------------+-------+-------+-------+-------+-------++-------
Melee: Long sword        |   104 |   106 |       |       |       ||   210
       Dagger            |       |    92 |   622 |   985 |   492 ||  2191
       Double sword      |       |       |       |       |    96 ||    96
 Abil: Dig               |       |       |     3 |    15 |     5 ||    23
  Use: Scroll            |       |     3 |    13 |     7 |       ||    23
       Potion            |       |       |     1 |     8 |     3 ||    12
Armor: Scale mail        |    45 |    28 |       |       |       ||    73
       Chain mail        |       |    31 |    51 |       |       ||    82
       Gold dragon scale |       |       |   296 |   406 |   219 ||   921
       Skin              |       |       |       |    25 |       ||    25
Dodge: Dodged            |    61 |    93 |   266 |   314 |   230 ||   964
Block: Buckler           |    28 |    35 |   157 |   148 |    84 ||   452

Table legend: (Time is in decaauts)
 A = Elapsed time spent in this place.
 B = Non-inter-level travel time spent in this place.
 C = Inter-level travel time spent in this place.
 D = Time resting spent in this place.
 E = Time spent auto-exploring this place.
 F = Levels seen in this place.
 G = Mean time per level.
                   A        B        C        D        E       F      G
               +--------+--------+--------+--------+--------+-----+--------+
         Total |  18027 |  17415 |    612 |   3759 |   9711 |  18 | 1001.5 |
       Dungeon |  12653 |  12167 |    486 |   2353 |   7079 |  13 |  973.3 |
        Temple |    258 |    216 |     42 |      0 |    203 |   1 |  258.0 |
          Lair |   3967 |   3884 |     83 |    873 |   2257 |   3 | 1322.3 |
        Bailey |   1148 |   1148 |      0 |    532 |    171 |   1 | 1148.0 |
               +--------+--------+--------+--------+--------+-----+--------+

Top non-repeatable levels by time:
  Lair:1: 1594 daAuts
     D:8: 1541 daAuts
     D:4: 1501 daAuts
    D:12: 1343 daAuts
  Lair:2: 1260 daAuts
     D:9: 1230 daAuts
  Bailey: 1148 daAuts
  Lair:3: 1112 daAuts
     D:6: 1099 daAuts
     D:5: 1012 daAuts
     D:3: 961 daAuts
     D:2: 941 daAuts
     D:7: 892 daAuts
    D:11: 871 daAuts
     D:1: 673 daAuts
